 Dungeon Crawl Stone Soup version 0.32-a0-814-g0968bab981 (webtiles) character file.

Game seed: 4088616400697273032

29286 MachoJfn the Severer (level 13, -3/104 HPs)
             Began as a Demonspawn Gladiator on Mar 21, 2024.
             Was a High Priest of Trog.
             Incinerated by a deep elf pyromancer (13 damage)
             ... with a pyre arrow
             ... on level 14 of the Dungeon on Mar 22, 2024.
             The game lasted 00:35:47 (14710 turns).

MachoJfn the Severer (Demonspawn Gladiator)        Turns: 14710, Time: 00:35:48

Health: -3/104     AC: 26    Str: 24    XL:     13   Next: 14%
Magic:  0/13       EV: 13    Int: 10    God:    Trog [*****.]
Gold:   1901       SH:  0    Dex: 20    Spells: 12/12 levels left

rFire   + . .        g - +7 battleaxe of Vame {spect, +Blink}
rCold   . . .        (shield currently unavailable)
rNeg    . . .        N - +0 plate armour of Puntue Weum {Str+5 Slay+2}
rPois   .            c - +0 helmet
rElec   .            F - +1 cloak
rCorr   .            G - +3 pair of gauntlets of War {Slay+5}
SInv    .            r - +0 pair of boots
Will    ++...        O - amulet of guardian spirit Stlth
                     I - +6 ring of dexterity
HPRegen 1.37/turn    i - ring of protection from fire
MPRegen 0.13/turn

%: guardian spirit
@: agile, on fire, strong-willed, on berserk cooldown, on blink cooldown,
regenerating, slowed, glowing, very slow
A: powered by pain 2, sharp scales 2, demonic touch 2, foul shadow 2
a: Renounce Religion, Evoke Blink, Berserk, Trog's Hand, Brothers in Arms


You were on level 14 of the Dungeon.
You worshipped Trog.
Trog was extremely pleased with you.
You visited 1 branch of the dungeon, and saw 14 of its levels.
You also visited: Ossuary.

You collected 1901 gold pieces.

Inventory:

Hand Weapons
 g - the +7 battleaxe of Vame (weapon) {spect, +Blink}
   (You acquired it on level 6 of the Dungeon)

   +Blink:    It lets you blink.
Missiles
 d - 4 throwing nets (quivered)
 e - 12 javelins
 l - 156 stones
 K - 13 poisoned darts
Armour
 c - a +0 helmet (worn)
 r - a +0 pair of boots (worn)
 F - a +1 cloak (worn)
 G - the +3 pair of gauntlets of War (worn) {Slay+5}
   (You acquired it on level 8 of the Dungeon)

   Slay+5:    It affects your accuracy & damage with ranged weapons and melee
   (+5).
 N - the +0 plate armour of Puntue Weum (worn) {Str+5 Slay+2}
   (You found it on level 10 of the Dungeon)

   Str+5:     It affects your strength (+5).
   Slay+2:    It affects your accuracy & damage with ranged weapons and melee
   (+2).
Jewellery
 i - a ring of protection from fire (right hand)
 k - a ring of ice
 o - a ring of resist corrosion
 I - a +6 ring of dexterity (left hand)
 M - an amulet of regeneration
 O - an amulet of guardian spirit (around neck)
 R - an amulet of faith
 T - a ring of poison resistance
Wands
 a - a wand of warping (36)
 n - a wand of charming (17)
 y - a wand of digging (1)
 C - a wand of acid (7)
 J - a wand of flame (7)
Scrolls
 b - 3 scrolls of vulnerability
 f - 3 scrolls of teleportation
 t - a scroll of brand weapon
 u - a scroll of revelation
 z - 4 scrolls of fear
 A - 2 scrolls of enchant weapon
 B - 2 scrolls of silence
 P - a scroll of immolation
 Q - 2 scrolls of enchant armour
 S - a scroll of poison
Potions
 h - a potion of haste {unknown}
 j - 3 potions of curing
 m - 5 potions of magic
 p - 5 potions of resistance
 q - 6 potions of might
 s - 4 potions of enlightenment
 v - a potion of ambrosia {unknown}
 w - a potion of berserk rage {unknown}
 x - 3 potions of heal wounds
 D - 2 potions of degeneration
 E - a potion of attraction
 H - a potion of mutation {unknown}
 L - 2 potions of lignification {unknown}


   Skills:
 + Level 10.5 Fighting
 + Level 16.7 Axes
 - Level 1.7 Throwing
 + Level 10.3 Armour
 + Level 3.8 Dodging
 + Level 7.0 Stealth


You had 12 spell levels left.
You didn't know any spells.
Your spell library was empty.

Dungeon Overview and Level Annotations

Branches:
Dungeon (14/15)            Temple (0/1) D:4            Lair (0/5) D:8
    Orc (0/2) D:11        Ossuary (visited)
 Vaults: D:13-14

Altars:
Cheibriados
Dithmenos
Fedhas
Kikubaaqudgha
Okawaru
Ru
Trog
Vehumet

Shops:
D:14 (

Portals:
Abyss: D:13

Annotations:
D:9 3 runed translucent doors, retardedninja's ghost, journeyman CoFi
D:13 2 transporters, Heussueq's ghost, journeyman MiBe


Innate Abilities, Weirdness & Mutations

You sometimes gain power by taking damage.
You are mostly covered in razor-sharp scales. (AC +2, Slay +2)
Your touch may inflict irresistible damage on your foes.
You are shadowed, sometimes releasing foul flame when damaged in melee.


Message History

The skeletal warrior hits your +7 battleaxe of Vame {spect, +Blink} with a +0 hand axe!
Your spectral weapon shares its damage with you!
The centaur warrior skeleton barely misses you.
The centaur warrior skeleton kicks you but does no damage.
Your skin crawls.
You feel strong-willed.
Your +7 battleaxe of Vame {spect, +Blink} disappears.
The liquid fire burns you!
The centaur warrior skeleton hits you but does no damage.
The centaur warrior skeleton closely misses you.
The skeletal warrior hits you with a +0 hand axe!
The skeletal warrior is seared by the foul flame within you!
The skeletal warrior resists.
The skeletal warrior is moderately damaged.
The centaur warrior skeleton hits you but does no damage.
The centaur warrior skeleton kicks you but does no damage.
The skeletal warrior hits you but does no damage.
The deep elf zephyrmancer points at you and mumbles some strange words.
The bolt of lightning hits you!!
* * * LOW HITPOINT WARNING * * *
You hear a shout! x3
Unknown command.
You feel much better. The liquid fire burns you!
* * * LOW HITPOINT WARNING * * *
The centaur warrior skeleton closely misses you.
The centaur warrior skeleton kicks you but does no damage.
The skeletal warrior barely misses you.
The deep elf zephyrmancer points at you and mumbles some strange words.
The bolt of lightning hits you!
* * * LOW HITPOINT WARNING * * *
You focus on the pain.
You feel agile all of a sudden.
The deep elf zephyrmancer barely misses you.
The centaur warrior skeleton hits you but does no damage.
The centaur warrior skeleton barely misses you.
You hear a shout!
You blink.
The liquid fire burns you!
You die...

#. #e#..#.# .#
..##.#..#.##..#
.....e.)..#
#####.#..#)#####..
......e.)........#
.......ยง.).......#
#####.#zZ#.#######
#....Z...).#
..##.#@.#)##..# #.
#.#..#)# .# # .
#..##. # .. #..# ..
## #..########
###.........
#.........##
+.<##......# ###
#......#


You could see a skeletal warrior, 2 deep elf zephyrmancers and 2 centaur warrior
skeletons.

Vanquished Creatures
  2 hydras
  2 centaur warriors (D:13)
  5 two-headed ogres
  A death knight (D:10)
  4 boulder beetles
  An ogre mage (D:14)
  A deep elf knight (D:14)
  An arcanist (D:13)
  A phantasmal warrior (D:10)
  2 deep elf pyromancers (D:14)
  3 cyclopes (D:11)
  2 ugly things
  4 manticores
  2 slime creatures (D:13)
  A kobold demonologist (D:12)
  2 yaktaurs (D:14)
  2 centaur skeletons (D:14)
  Jeremiah (D:9)
  A komodo dragon (D:11)
  5 unseen horrors
  A freezing wraith (D:10)
  4 trolls
  A hornet (D:10)
  A wyvern (D:10)
  16 yaks
  5 wraiths
  2 vampires (D:12)
  A vampire mosquito (D:11)
  2 acid dragons (D:11)
  2 water moccasins
  3 orc warriors
  2 black bears
  4 ogres
  14 centaurs
  2 phantoms (D:12)
  2 kobold brigands
  A bullfrog (D:6)
  A gnoll sergeant (D:7)
  4 scorpions
  3 wights (D:10)
  20 killer bees
  8 howler monkeys
  2 hounds
  5 orc priests
  2 jellies
  4 iguanas
  4 orc wizards
  A sleepcap (D:8)
  3 crocodile zombies (Ossuary)
  4 mummies
  14 gnolls
  9 adders
  2 shadow imps
  2 white imps
  2 ufetubi (D:6)
  A ribbon worm (D:4)
  3 dart slugs
  20 orcs
  11 bats
  3 endoplasms (D:1)
  A giant cockroach (D:1)
  3 goblins
  7 hobgoblins
  2 jackals (D:1)
  9 ball pythons
  3 frilled lizards
  5 gnoll zombies (Ossuary)
  2 goblin zombies (D:6)
  15 kobolds
  A kobold zombie (Ossuary)
  8 rats
290 creatures vanquished.

Vanquished Creatures (others)
  An orc wizard (D:3)
1 creature vanquished.

Grand Total: 291 creatures vanquished

Notes
Turn   | Place    | Note
-------+----------+-------------------------------------------
     0 | D:1      | MachoJfn the Demonspawn Gladiator began the quest for the
                  | Orb.
     0 | D:1      | Reached XP level 1. HP: 16/16 MP: 1/1
   186 | D:1      | Reached skill level 3 in Axes
   239 | D:1      | Gained mutation: You sometimes gain a little power by
                  | taking damage. [demonic ancestry]
   239 | D:1      | Reached XP level 2. HP: 16/22 MP: 2/2
   785 | D:1      | Found a faded altar of an unknown god.
   811 | D:1      | Prayed at the altar of an unknown god.
   811 | D:1      | Became a worshipper of Trog the Wrathful
   811 | D:1      | Reached * piety under Trog
  1106 | D:2      | Reached XP level 3. HP: 20/27 MP: 3/3
  1152 | D:2      | Found a shadowy altar of Dithmenos.
  1587 | D:2      | Reached skill level 1 in Armour
  2138 | D:3      | Gained mutation: You are faintly shadowed, very rarely
                  | releasing foul flame when damaged in melee. [demonic
                  | ancestry]
  2138 | D:3      | Reached XP level 4. HP: 26/33 MP: 4/4
  2150 | D:3      | Reached skill level 4 in Axes
  3164 | D:4      | Noticed an ogre
  3169 | D:4      | Gained mutation: You are partially covered in razor-sharp
                  | scales. (AC +1, Slay +1) [demonic ancestry]
  3169 | D:4      | Reached XP level 5. HP: 15/38 MP: 5/5
  3374 | D:3      | Killed an ogre
  3499 | D:4      | Gained mutation: You are mostly covered in razor-sharp
                  | scales. (AC +2, Slay +2) [demonic ancestry]
  3499 | D:4      | Reached XP level 6. HP: 23/46 MP: 6/6
  3618 | D:4      | Reached ** piety under Trog
  3792 | D:4      | Found a staircase to the Ecumenical Temple.
  4236 | D:5      | Entered Level 5 of the Dungeon
  4320 | D:5      | Reached skill level 5 in Axes
  4529 | D:5      | Gained mutation: You sometimes gain power by taking damage.
                  | [demonic ancestry]
  4529 | D:5      | Reached XP level 7. HP: 52/52 MP: 7/7
  4735 | D:5      | Found a blossoming altar of Fedhas.
  5000 | D:6      | Found a bloodstained altar of Trog.
  5057 | D:6      | Found a snail-covered altar of Cheibriados.
  5233 | D:6      | Reached skill level 6 in Axes
  5505 | D:6      | Found a sand-covered staircase.
  5508 | D:6      | Gained mutation: You are shadowed, sometimes releasing foul
                  | flame when damaged in melee. [demonic ancestry]
  5508 | D:6      | Reached XP level 8. HP: 47/58 MP: 8/8
  5510 | Ossuary  | Entered an ossuary
  5518 | Ossuary  | Reached skill level 5 in Armour
  5876 | D:6      | Found a sacrificial altar of Ru.
  5990 | D:6      | Found an iron altar of Okawaru.
  5992 | D:6      | Reached *** piety under Trog
  6116 | D:6      | Reached skill level 8 in Axes
  6116 | D:6      | Gained mutation: Your touch may inflict minor irresistible
                  | damage on your foes. [demonic ancestry]
  6116 | D:6      | Reached XP level 9. HP: 72/72 MP: 9/9
  6218 | D:6      | Identified a scroll of acquirement
  6218 | D:6      | Acquired the +7 battleaxe of Vame {spect, +Blink}
  6314 | D:7      | Upgraded the game from 0.32-a0-799-g95e1662365 to
                  | 0.32-a0-814-g0968bab981
  6544 | D:7      | Reached skill level 9 in Axes
  7278 | D:8      | Acquired 953 gold pieces
  7280 | D:8      | Acquired a manual of Axes
  7282 | D:8      | Acquired the +3 pair of gauntlets of War {Slay+5}
  7282 | D:8      | Found the +3 pair of gauntlets of War {Slay+5}
  7302 | D:8      | Reached skill level 10 in Axes
  7499 | D:8      | Found a staircase to the Lair.
  7515 | D:8      | Found an ancient bone altar of Kikubaaqudgha.
  7549 | D:8      | Reached XP level 10. HP: 79/79 MP: 10/10
  7891 | D:8      | Found a radiant altar of Vehumet.
  8153 | D:9      | Reached skill level 11 in Axes
  8391 | D:9      | Reached **** piety under Trog
  8486 | D:9      | Found a runed translucent gate.
  8498 | D:9      | Noticed retardedninja's ghost (journeyman CoFi)
  8499 | D:9      | Noticed a death knight
  8508 | D:9      | Found a runed translucent gate.
  8508 | D:9      | Found a runed translucent gate.
  8572 | D:9      | Noticed a two-headed ogre
  8672 | D:9      | Killed a two-headed ogre
  8922 | D:9      | Noticed a two-headed ogre
  8928 | D:9      | Killed a two-headed ogre
  8929 | D:9      | Reached skill level 12 in Axes
  9046 | D:9      | Noticed Jeremiah
  9060 | D:9      | Killed Jeremiah
  9310 | D:10     | Entered Level 10 of the Dungeon
  9313 | D:10     | Noticed a phantasmal warrior
  9320 | D:10     | Killed a phantasmal warrior
  9368 | D:10     | Identified the +0 plate armour of Puntue Weum {Str+5
                  | Slay+2}
  9395 | D:10     | Noticed a death knight
  9409 | D:10     | Killed a death knight
  9410 | D:10     | Gained mutation: Your touch may inflict irresistible damage
                  | on your foes. [demonic ancestry]
  9410 | D:10     | Reached XP level 11. HP: 58/86 MP: 11/11
  9643 | D:10     | Noticed a seven-headed hydra
  9651 | D:10     | Killed a 14-headed hydra
  9652 | D:10     | Reached skill level 13 in Axes
 10089 | D:10     | You fall into a shaft and drop 2 floors!
 10205 | D:12     | Noticed a boulder beetle
 10407 | D:10     | Noticed a two-headed ogre
 10413 | D:10     | Killed a two-headed ogre
 10414 | D:10     | Reached skill level 14 in Axes
 11466 | D:11     | Found a staircase to the Orcish Mines.
 11621 | D:11     | Reached skill level 15 in Axes
 11646 | D:11     | Noticed a two-headed ogre
 11648 | D:11     | Killed a two-headed ogre
 11843 | D:11     | Noticed a boulder beetle
 11854 | D:11     | Reached XP level 12. HP: 45/95 MP: 6/12
 11889 | D:11     | Killed a boulder beetle
 12389 | D:12     | Killed a boulder beetle
 12651 | D:12     | Noticed a boulder beetle
 12660 | D:12     | Killed a boulder beetle
 12813 | D:12     | Reached ***** piety under Trog
 13231 | D:13     | Noticed a centaur warrior
 13239 | D:13     | Noticed a seven-headed hydra
 13240 | D:13     | Killed a centaur warrior
 13241 | D:13     | Reached skill level 16 in Axes
 13249 | D:13     | Killed a 13-headed hydra
 13250 | D:13     | Reached skill level 10 in Fighting
 13519 | D:13     | Found a transporter.
 13525 | D:13     | Found a one-way gate to the infinite horrors of the Abyss.
 13525 | D:13     | Noticed Heussueq's ghost (journeyman MiBe)
 13608 | D:13     | Reached skill level 10 in Armour
 13680 | D:13     | Noticed a centaur warrior
 13687 | D:13     | Killed a centaur warrior
 13724 | D:13     | Noticed a boulder beetle
 13737 | D:13     | Killed a boulder beetle
 14174 | D:13     | Found a transporter.
 14641 | D:14     | Found Ojanefuck's Antique Weapon Shop.
 14682 | D:14     | Noticed an ogre mage
 14682 | D:14     | Noticed a two-headed ogre
 14686 | D:14     | Killed an ogre mage
 14690 | D:14     | Killed a two-headed ogre
 14691 | D:14     | Reached XP level 13. HP: 104/104 MP: 11/13
 14710 | D:14     | Incinerated by a deep elf pyromancer

Illustrated notes

Levels and vault maps discovered:
D:1:      dpeg_arrival_chambers_temple_mockup, layout_basic,
          nicolae_ecumenical_lake_church, minivault_14
D:2:      layout_loops_ring, basic_altar
D:3:      wad_lake_hut, layout_loops_ring
D:4:      layout_rooms, minmay_temple_entry_mist, minmay_crystal_room,
          serial_library_regret_index_small_wings,
          chequers_serial_rivers_large_b
D:5:      layout_loops_ring, mainiacjoe_overflow_cross_hatched, serial_glass,
          glass_columns_c, glass_columns_a, glass_columns_a
D:6:      layout_gridville, nicolae_overflow_hidden_temple, lemuel_round_altar,
          okawaru_altar_gauntlet_db, mainiacjoe_overflow_paths,
          nicolae_ossuary_entry_giza
D:7:      layout_basic, item_on_display_a
D:8:      layout_gridville, vehumet_crystals,
          mainiacjoe_overflow_catwalk_spiral, lair_entry_dummy
D:9:      layout_big_octagon, gammafunk_ghost_split, uniq_jeremiah
D:10:     layout_basic, serial_library_hellmonk_junction
D:11:     layout_loops_ring, minmay_increasing_density
D:12:     layout_irregular_city, hangedman_batty
D:13:     layout_irregular_city, gammafunk_ghost_abyssal_escape
D:14:     layout_roguey, hangedman_vaults_entry_quadrant_bands, serial_shops,
          shop, kennysheep_mini, uniq_snorg

Skill      XL: |  1  2  3  4  5  6  7  8  9 10 11 12 |
---------------+-------------------------------------+-----
Axes           | 3 4 5 6 8 10 12 15 16 | 16.7
Dodging        | 3 |  3.8
Armour         | 1 2 3 4 7 8 9 10 | 10.3
Fighting       | 3 7 8 9 10 | 10.5
Stealth        | 6 7 |  7.0
Throwing       | |  1.7

Action                     |  1- 3 |  4- 6 |  7- 9 | 10-12 | 13-15 || total
---------------------------+-------+-------+-------+-------+-------++-------
  Melee: War axe           |   107 |   104 |    94 |       |       ||   305
         Battleaxe         |       |       |    51 |   215 |     9 ||   275
 Invoke: Berserk           |       |     2 |       |     7 |       ||     9
         Trog's Hand       |       |       |       |       |     1 ||     1
Ability: Evoke Blink       |       |       |       |       |     1 ||     1
    Use: Scroll            |    11 |       |    15 |     2 |       ||    28
         Potion            |       |       |     1 |       |     1 ||     2
   Stab: Sleeping          |     1 |       |       |       |       ||     1
         Distracted        |       |       |     1 |     8 |       ||     9
 Armour: Leather armour    |   100 |    14 |       |       |       ||   114
         Scale mail        |       |    31 |       |       |       ||    31
         Chain mail        |       |    53 |       |       |       ||    53
         Ring mail         |       |    15 |       |       |       ||    15
         Plate armour      |       |    11 |   140 |   353 |    30 ||   534
  Dodge: Dodged            |   105 |    68 |    53 |   130 |    12 ||   368

Table legend: (Time is in decaauts)
 A = Elapsed time spent in this place.
 B = Non-inter-level travel time spent in this place.
 C = Inter-level travel time spent in this place.
 D = Time resting spent in this place.
 E = Time spent auto-exploring this place.
 F = Levels seen in this place.
 G = Mean time per level.
                   A        B        C        D        E       F      G
               +--------+--------+--------+--------+--------+-----+--------+
         Total |  14958 |  13184 |   1774 |   3861 |   7108 |  15 |  997.2 |
       Dungeon |  14783 |  13009 |   1774 |   3777 |   7108 |  14 | 1055.9 |
       Ossuary |    175 |    175 |      0 |     84 |      0 |   1 |  175.0 |
               +--------+--------+--------+--------+--------+-----+--------+

Top non-repeatable levels by time:
    D:10: 1845 daAuts
     D:3: 1469 daAuts
    D:11: 1339 daAuts
     D:8: 1256 daAuts
     D:6: 1108 daAuts
    D:12: 1100 daAuts
     D:2: 1071 daAuts
    D:13: 1048 daAuts
     D:1: 1035 daAuts
     D:9: 1001 daAuts
     D:7: 857 daAuts
     D:4: 805 daAuts
     D:5: 776 daAuts
 Ossuary: 175 daAuts
    D:14: 66 daAuts
